 Dungeon Crawl Stone Soup version 0.31-a0-832-g3a2c1c66ba (webtiles) character file.

Game seed: 1929872129968033230

434 Bnni the Vexing (level 7, -4/51 HPs)
             Began as a Formicid Hexslinger on Sept 25, 2023.
             Was an Initiate of Hepliaklqana.
             Slain by an orc
             ... wielding a +0 mace
              (8 damage)
             ... on level 3 of the Dungeon.
             The game lasted 00:03:16 (2725 turns).

Bnni the Vexing (Formicid Hexslinger)               Turns: 2725, Time: 00:03:17

Health: -4/51      AC:  3    Str: 13    XL:     7   Next: 20%
Magic:  9/10       EV: 12    Int: 12    God:    Hepliaklqana [......]
Gold:   144        SH:  0    Dex: 18    Spells: 1/10 levels left

rFire   . . .        a - +1 sling
rCold   + . .        (no shield)
rNeg    . . .        q - +0 robe {rC+}
rPois   .            (helmet unavailable)
rElec   .            i - +0 cloak
rCorr   .            (no gloves)
SInv    +            (no boots)
Will    .....        c - amulet of faith
Stlth   ++           (no ring)
HPRegen 0.28/turn    (no ring)
MPRegen 0.12/turn

%: faith
@: weak-willed, jinxed
A: permanent stasis, dig shafts and tunnels, antennae 3, four strong arms
a: Dig, Shaft Self, Renounce Religion


You were on level 3 of the Dungeon.
You worshipped Hepliaklqana.
Hepliaklqana was noncommittal.
You visited 1 branch of the dungeon, and saw 4 of its levels.

You collected 144 gold pieces.

Inventory:

Hand Weapons
 a - a +1 sling (weapon)
 r - a +1 rapier of venom
Missiles
 e - a throwing net
 k - 4 poisoned darts
Armour
 i - a +0 cloak (worn)
 l - a +0 kite shield
 q - a +0 robe of cold resistance (worn)
Jewellery
 c - an amulet of faith (around neck)
Scrolls
 b - 2 scrolls of poison
 g - a scroll of blinking {unknown}
 j - a scroll of summoning {unknown}
 o - a scroll of vulnerability {unknown}
 p - 3 scrolls of identify {unknown}
 s - a scroll of noise {unknown}
Potions
 d - 2 potions of enlightenment {unknown}
 f - a potion of mutation {unknown}
 h - a potion of ambrosia {unknown}
 m - a potion of curing {unknown}
 n - a potion of lignification {unknown}


   Skills:
 + Level 2.6 Fighting
 * Level 3.9 Ranged Weapons
 - Level 1.7 Dodging
 + Level 2.4 Spellcasting
 * Level 5.4 Hexes
 - Level 3.0 Fire Magic
 + Level 2.4 Invocations


You had one spell level left.
You knew the following spells:

 Your Spells              Type           Power      Damage    Failure   Level
a - Jinxbite              Hex            28%        N/A       4%          2
b - Inner Flame           Hex/Fire       11%        N/A       14%         3
d - Cause Fear            Hex            7%         N/A       28%         4

Your spell library contained the following spells:

 Spells                   Type           Power      Damage    Failure   Level
 Sigil of Binding         Hex            14%        N/A       9%          3
 Dimensional Bullseye     Hex/Tloc       3%         N/A       65%         4


Dungeon Overview and Level Annotations

Branches:
Dungeon (4/15)
 Temple: D:4-7

Altars:
Hepliaklqana
Ru

Annotations:
D:2 1 runed translucent door, Crazy Yiuf


Innate Abilities, Weirdness & Mutations

You cannot be hasted, slowed, berserked, paralysed or teleported.
You can dig through walls and to a lower floor.
You have a pair of large antennae on your head. (SInv)
Your four strong arms can wield two-handed weapons with a shield.


Message History

An orc wizard comes into view. It is wielding a +0 dagger.
You shoot a sling bullet. The orc wizard shouts!
The sling bullet hits the orc priest!
The orc priest is heavily wounded.
The orc priest misses you.
Unknown command.
You shoot a sling bullet. The sling bullet hits the orc priest.
The orc priest is severely wounded.
The orc priest closely misses you.
The orc priest calls down the wrath of Beogh upon you.
Beogh smites you! The orc hits you with a +0 mace. The orc barely misses you.
The orc priest hits you with a +0 hand axe.
You climb upwards.
There is a stone staircase leading down here.
You shoot a sling bullet. The sling bullet hits the orc priest.
The orc priest is severely wounded.
The orc priest barely misses you. The orc misses you.
You shoot a sling bullet.
The sling bullet barely misses the orc priest.
The orc priest mumbles some strange prayers to Beogh against you.
Beogh smites you! The orc misses you.
You shoot a sling bullet. The sling bullet hits the orc priest.
The orc priest is almost dead.
The orc priest casts a cantrip, but nothing happens.
The orc hits you with a +0 mace.
You shoot a sling bullet.
The sling bullet closely misses the orc priest.
The orc priest closely misses you. The orc barely misses you.
The orc priest mumbles some strange prayers to Beogh against you.
Beogh smites you!
* * * LOW HITPOINT WARNING * * *
The orc hits you with a +0 mace.
* * * LOW HITPOINT WARNING * * *
Okay, then.
You shoot a sling bullet. The sling bullet hits the orc priest.
You kill the orc priest!
The orc hits you with a +0 mace!
You die...

#.# ######.##...#......#.###.†
#.# ##..##..#[..###.#.##..# #.#
#..###..#)..# #...#..## #.#
##.#.......#.# ##....### #.#
#..#.......#.## ##......
#.######.##......)#..# #.#.##.
##........#####..#....# #...##.
##.......<## #..o)###..# #...#.#
#..........# #.#@.# #.<####.....#
#..........###.#..# ##.#.....##.#
#..........##..#..####...###.##.#
#........<.##.#...........##.##.#
#..........##...#..####.........#
##........##...##.## #.........#
#......(...#.#....# #..........
#..........#......# #..........
#..........#...#.## #..........


You could see an orc.

Vanquished Creatures
  Sigmund (D:2)
  A phantom (D:3)
  A hound (D:3)
  2 orc priests (D:3)
  Jessica (D:2)
  4 gnolls (D:2)
  2 adders
  2 worms (D:3)
  A dart slug (D:2)
  3 orcs
  4 ball pythons
  4 endoplasms
  2 giant cockroaches
  4 goblins
  4 hobgoblins
  4 kobolds
  3 quokkas
  7 bats
  5 rats
55 creatures vanquished.

Notes
Turn   | Place    | Note
-------+----------+-------------------------------------------
     0 | D:1      | Bnni the Formicid Hexslinger began the quest for the Orb.
     0 | D:1      | Reached XP level 1. HP: 15/15 MP: 2/2
   293 | D:1      | Reached XP level 2. HP: 21/21 MP: 3/3
   334 | D:1      | Learned a level 2 spell: Jinxbite
  1039 | D:2      | Found a hazy altar of Hepliaklqana.
  1055 | D:2      | Became a worshipper of Hepliaklqana the Forgotten
  1161 | D:2      | Reached XP level 3. HP: 26/26 MP: 4/4
  1195 | D:2      | Reached skill level 4 in Hexes
  1368 | D:2      | Found a runed translucent door.
  1369 | D:2      | Noticed Crazy Yiuf
  1495 | D:2      | Noticed Sigmund
  1515 | D:2      | Killed Sigmund
  1516 | D:2      | Reached skill level 1 in Invocations
  1516 | D:2      | Reached XP level 4. HP: 9/33 MP: 2/7
  1516 | D:2      | Reached XP level 5. HP: 10/38 MP: 2/8
  1516 | D:2      | Reached XP level 6. HP: 12/44 MP: 2/9
  1638 | D:2      | Learned a level 3 spell: Inner Flame
  1643 | D:2      | Learned a level 4 spell: Cause Fear
  1683 | D:2      | Noticed Jessica
  1685 | D:2      | Killed Jessica
  2132 | D:3      | Reached skill level 5 in Hexes
  2297 | D:3      | Found a sacrificial altar of Ru.
  2418 | D:3      | Reached XP level 7. HP: 51/51 MP: 8/10
  2725 | D:3      | Slain by an orc

Illustrated notes

Levels and vault maps discovered:
D:1:      minmay_arrival_loop, layout_loops_ring, nicolae_figureground_sparkle
D:2:      layout_basic, basic_altar, serial_glass, glass_columns_a,
          glass_columns_a, item_on_display_a, feat_on_display, st_stairs_11,
          uniq_sigmund, uniq_crazy_yiuf_cottage, uniq_jessica
D:3:      layout_rooms, nicolae_ru_awakened_eye
D:4:      layout_rooms, serial_glass, glass_columns_c, glass_columns_c,
          glass_columns_c, glass_columns_c, minmay_strange_pillars

Skill      XL: |  1  2  3  4  5  6 |
---------------+-------------------+-----
Hexes          | 4 5 |  5.4
Fighting       | 2 |  2.6
Ranged Weapons | 3 |  3.9
Spellcasting   | 2 |  2.4
Fire Magic     | 2 3 |  3.0
Invocations    | 1 2 |  2.4
Dodging        | |  1.7

Action                     |  1- 3 |  4- 6 |  7- 9 || total
---------------------------+-------+-------+-------++-------
   Fire: Sling             |    73 |    79 |    27 ||   179
   Cast: Jinxbite          |     4 |     5 |     2 ||    11
Ability: Dig               |       |     1 |       ||     1
 Armour: Robe              |    27 |    17 |     7 ||    51
  Dodge: Dodged            |    28 |    28 |    10 ||    66

Table legend: (Time is in decaauts)
 A = Elapsed time spent in this place.
 B = Non-inter-level travel time spent in this place.
 C = Inter-level travel time spent in this place.
 D = Time resting spent in this place.
 E = Time spent auto-exploring this place.
 F = Levels seen in this place.
 G = Mean time per level.
                   A        B        C        D        E       F      G
               +--------+--------+--------+--------+--------+-----+--------+
         Total |   2769 |   2657 |    112 |    436 |   1757 |   4 |  692.2 |
       Dungeon |   2769 |   2657 |    112 |    436 |   1757 |   4 |  692.2 |
               +--------+--------+--------+--------+--------+-----+--------+

Top non-repeatable levels by time:
     D:2: 1238 daAuts
     D:1: 881 daAuts
     D:3: 642 daAuts
     D:4: 8 daAuts
